TOP OF THE 1ST |
---|
Calgary Cowboys batting - Pitching for Redwood City Redwoods : RHP Will Jackson | Pitching: RHP Will Jackson | | Batting: RHB Luis Ibarra | 0-0: Ball 1-0: SINGLE (Line Drive, 9S) | Batting: LHB Del Kennedy | 0-0: Ball 1-0: Ball 2-0: Fly out, F8 (Flyball, 8RS) | Batting: RHB Tom Rowe | 0-0: Fly out, F8 (Flyball, 8RS) | Batting: LHB Fred Abrams | 0-0: Called Strike 0-1: Ball 1-1: DOUBLE (Line Drive, 78D) Luis Ibarra to third Runner from 3rd tries for Home, SAFE, no throw | Batting: RHB Shayne Burry | 0-0: Ball 1-0: Called Strike 1-1: Ball 2-1: DOUBLE (Flyball, 89D) Fred Abrams scores | Batting: LHB Russell Peck | 0-0: Foul Ball, location: 2F 0-1: Ball 1-1: Swinging Strike 1-2: Foul Ball, location: 2F 1-2: Foul Ball, location: 2F 1-2: Foul Ball, location: 2F 1-2: Foul Ball, location: 2F 1-2: Ball 2-2: Ball 3-2: Base on Balls | Batting: RHB Jorge Balencia | 0-0: Ball 1-0: Foul Ball, location: 2F 1-1: Foul Ball, location: 2F 1-2: Fly out, F7 (Flyball, 7S) | Top of the 1st over - 2 runs, 3 hits, 0 errors, 2 left on base; Calgary 2 - Redwood City 0 | BOTTOM OF THE 1ST |
---|
Redwood City Redwoods batting - Pitching for Calgary Cowboys : RHP William Bryan | Pitching: RHP William Bryan | | Batting: RHB Jason Blair | 0-0: Called Strike 0-1: Ball 1-1: Swinging Strike 1-2: Ball 2-2: Strikes out swinging | Batting: RHB Robert Downing | 0-0: SINGLE (Line Drive, 8LS) | Batting: LHB Bill McCraney | 0-0: Fly out, F8 (Flyball, 89M) | Batting: LHB Marcos Pérez | 0-0: Ball 1-0: Swinging Strike 1-1: Ball 2-1: Swinging Strike 2-2: Ball Robert Downing steals 2nd base 3-2: Base on Balls | Batting: LHB Vicente Chávez | 0-0: Foul Ball, location: 2F 0-1: Foul Ball, location: 2F 0-2: Strikes out swinging | Bottom of the 1st over - 0 runs, 1 hit, 0 errors, 2 left on base; Calgary 2 - Redwood City 0 | TOP OF THE 2ND |
---|
Calgary Cowboys batting - Pitching for Redwood City Redwoods : RHP Will Jackson | Batting: RHB Mario Sánchez | 0-0: Ball 1-0: Swinging Strike 1-1: Swinging Strike 1-2: Foul Ball, location: 2F 1-2: Ball 2-2: Ball 3-2: Strikes out swinging | Batting: RHB Travis Colbert | 0-0: Swinging Strike 0-1: Called Strike 0-2: Strikes out swinging | Batting: RHB Luis Ibarra | 0-0: Ball 1-0: Ground out 1-3 (Groundball, P) | Top of the 2nd over - 0 runs, 0 hits, 0 errors, 0 left on base; Calgary 2 - Redwood City 0 | BOTTOM OF THE 2ND |
---|
Redwood City Redwoods batting - Pitching for Calgary Cowboys : RHP William Bryan | Batting: LHB Frank Young | 0-0: Ball 1-0: Called Strike 1-1: Called Strike 1-2: Ball 2-2: Ground out 6-3 (Groundball, 6M) | Batting: LHB César Rodríguez | 0-0: Swinging Strike 0-1: Ball 1-1: Ball 2-1: Foul Ball, location: 2F 2-2: DOUBLE (Line Drive, 9LM) | Batting: RHB Gilberto León | 0-0: Ball 1-0: Ball 2-0: Ground out 6-3 (Groundball, 6S) César Rodríguez to third | Batting: LHB Dave Lee | 0-0: Ball 1-0: Called Strike 1-1: Fly out, F9 (Line Drive, 9) | Bottom of the 2nd over - 0 runs, 1 hit, 0 errors, 1 left on base; Calgary 2 - Redwood City 0 | TOP OF THE 3RD |
---|
Calgary Cowboys batting - Pitching for Redwood City Redwoods : RHP Will Jackson | Batting: LHB Del Kennedy | 0-0: Fly out, F9 (Flyball, 89M) | Batting: RHB Tom Rowe | 0-0: Ball 1-0: Called Strike 1-1: Ball 2-1: Foul Ball, location: 2F 2-2: SINGLE (Groundball, 6MD) | Batting: LHB Fred Abrams | 0-0: Fly out, F8 (Flyball, 8LXD) | Batting: RHB Shayne Burry | 0-0: Ball 1-0: Swinging Strike 1-1: Ball 2-1: Ball 3-1: Fly out, F6 (Line Drive, 6) | Top of the 3rd over - 0 runs, 1 hit, 0 errors, 1 left on base; Calgary 2 - Redwood City 0 | BOTTOM OF THE 3RD |
---|
Redwood City Redwoods batting - Pitching for Calgary Cowboys : RHP William Bryan | Batting: RHB Jason Blair | 0-0: Called Strike 0-1: Ball 1-1: Ground out 4-3 (Groundball, 4) | Batting: RHB Robert Downing | 0-0: Foul Ball, location: 2F 0-1: Foul Ball, location: 2F 0-2: Ball 1-2: Foul Ball, location: 2F 1-2: Ball 2-2: Ball 3-2: Base on Balls | Batting: LHB Bill McCraney | 0-0: Ball 1-0: Ball 2-0: Called Strike 2-1: Ball 3-1: Swinging Strike 3-2: Fielders Choice at 2nd, 4-6 (Groundball, 34) | Batting: LHB Marcos Pérez | 0-0: Fly out, F9 (Flyball, 9LD) | Bottom of the 3rd over - 0 runs, 0 hits, 0 errors, 1 left on base; Calgary 2 - Redwood City 0 | TOP OF THE 4TH |
---|
Calgary Cowboys batting - Pitching for Redwood City Redwoods : RHP Will Jackson | Batting: LHB Russell Peck | 0-0: Foul Ball, location: 2F 0-1: Ball 1-1: Fly out, F9 (Flyball, 9S) | Batting: RHB Jorge Balencia | 0-0: Foul Ball, location: 2F 0-1: Foul Ball, location: 2F 0-2: Foul Ball, location: 2F 0-2: Ball 1-2: Ball 2-2: Ball 3-2: Ground out 6-3 (Groundball, 6) | Batting: RHB Mario Sánchez | 0-0: Swinging Strike 0-1: Called Strike 0-2: Ball 1-2: Strikes out looking | Top of the 4th over - 0 runs, 0 hits, 0 errors, 0 left on base; Calgary 2 - Redwood City 0 | BOTTOM OF THE 4TH |
---|
Redwood City Redwoods batting - Pitching for Calgary Cowboys : RHP William Bryan | Batting: LHB Vicente Chávez | 0-0: Ball 1-0: Called Strike 1-1: Swinging Strike 1-2: Foul Ball, location: 2F 1-2: Ball 2-2: DOUBLE (Line Drive, 8LXD) | Batting: LHB Frank Young | 0-0: Ball 1-0: Ball 2-0: Called Strike 2-1: Ball 3-1: Foul Ball, location: 2F 3-2: Foul Ball, location: 2F 3-2: Ground out 4-3 (Groundball, 4) Vicente Chávez to third | Batting: LHB César Rodríguez | 0-0: Called Strike 0-1: Called Strike 0-2: Ball 1-2: SINGLE (Groundball, 56D) Vicente Chávez scores | Batting: RHB Gilberto León | 0-0: 2-RUN HOME RUN (Flyball, 7LD), Distance : 333 ft | Batting: LHB Dave Lee | 0-0: Ball 1-0: Foul Ball, location: 2F 1-1: Ball 2-1: DOUBLE (Flyball, 78XD) | Batting: RHB Jason Blair | 0-0: Foul Ball, location: 2F 0-1: SINGLE (Line Drive, 4) Dave Lee to third Runner from 3rd tries for Home, SAFE, throw made home | Batting: RHB Robert Downing | 0-0: Ball 1-0: Ball 2-0: Fly out, F7 (Line Drive, 7S) | Batting: LHB Bill McCraney | 0-0: Ball 1-0: Called Strike 1-1: Ball 2-1: 2-RUN HOME RUN (Line Drive, 9D), Distance : 352 ft | Batting: LHB Marcos Pérez | 0-0: SINGLE (Line Drive, 9LS) | Pitching: RHP Esteban Alfonzo | | Batting: LHB Vicente Chávez | 0-0: Called Strike 0-1: Ball 1-1: Foul Ball, location: 2F 1-2: Ball 2-2: Ball Marcos Pérez steals 2nd base 3-2: Base on Balls | Batting: LHB Frank Young | 0-0: Ground out 1-3 (Groundball, 15) | Bottom of the 4th over - 6 runs, 7 hits, 0 errors, 2 left on base; Calgary 2 - Redwood City 6 | TOP OF THE 5TH |
---|
Calgary Cowboys batting - Pitching for Redwood City Redwoods : RHP Will Jackson | Batting: RHB Travis Colbert | 0-0: Ball 1-0: Called Strike 1-1: Called Strike 1-2: Strikes out looking | Batting: RHB Luis Ibarra | 0-0: Swinging Strike 0-1: Ball 1-1: Ball 2-1: Foul Ball, location: 2F 2-2: Ball 3-2: Foul Ball, location: 2F 3-2: Foul Ball, location: 2F 3-2: SINGLE (Groundball, 56D) | Batting: LHB Del Kennedy | 0-0: Ball 1-0: Ball 2-0: Called Strike 2-1: Ball 3-1: Swinging Strike 3-2: Fly out, F7 (Flyball, 78D) | Batting: RHB Tom Rowe | 0-0: Ball 1-0: Ball 2-0: Called Strike 2-1: 2-RUN HOME RUN (Flyball, 89XD), Distance : 398 ft | Batting: LHB Fred Abrams | 0-0: Ball 1-0: Called Strike 1-1: Ball 2-1: Ground out 4-3 (Groundball, 4M) | Top of the 5th over - 2 runs, 2 hits, 0 errors, 0 left on base; Calgary 4 - Redwood City 6 | BOTTOM OF THE 5TH |
---|
Redwood City Redwoods batting - Pitching for Calgary Cowboys : RHP Esteban Alfonzo | Batting: LHB César Rodríguez | 0-0: Called Strike 0-1: Ball 1-1: Called Strike 1-2: Strikes out swinging | Batting: RHB Gilberto León | 0-0: Ball 1-0: Foul Ball, location: 2F 1-1: Called Strike 1-2: Ball 2-2: Foul Ball, location: 2F 2-2: Strikes out swinging | Batting: LHB Dave Lee | 0-0: Ball 1-0: Ground out 6-3 (Groundball, 6M) | Bottom of the 5th over - 0 runs, 0 hits, 0 errors, 0 left on base; Calgary 4 - Redwood City 6 | TOP OF THE 6TH |
---|
Calgary Cowboys batting - Pitching for Redwood City Redwoods : RHP Will Jackson | Batting: RHB Shayne Burry | 0-0: Ball 1-0: Called Strike 1-1: Foul Ball, location: 2F 1-2: Foul Ball, location: 2F 1-2: Ball 2-2: Strikes out looking | Batting: LHB Russell Peck | 0-0: Ball 1-0: Ground out 4-3 (Groundball, 4MD) | Batting: RHB Jorge Balencia | 0-0: Ball 1-0: Ball 2-0: Called Strike 2-1: Ball 3-1: Base on Balls | Pitching: RHP Daniel Betteridge | | Batting: RHB Mario Sánchez | 0-0: Foul Ball, location: 2F 0-1: Ball 1-1: 2-RUN HOME RUN (Line Drive, 9D), Distance : 358 ft | Batting: RHB Travis Colbert | 0-0: Ball 1-0: Foul Ball, location: 2F 1-1: SINGLE (Flyball, 9S) | Batting: RHB Luis Ibarra | Pickoff Throw to First - Error! E1 Travis Colbert to second 0-0: Ball 1-0: Called Strike 1-1: Foul Ball, location: 2F 1-2: Ball 2-2: Foul Ball, location: 2F 2-2: Ball 3-2: Foul Ball, location: 2F 3-2: Foul Ball, location: 2F 3-2: Foul Ball, location: 2F 3-2: Foul Ball, location: 2F 3-2: Base on Balls | Batting: LHB Del Kennedy | 0-0: Ball 1-0: Ball 2-0: Ball 3-0: Called Strike 3-1: SINGLE (Groundball, 34D) Travis Colbert to third Luis Ibarra to second Runner from 3rd tries for Home, SAFE, throw made home | Pitching: RHP Ronnie Jefferson | | Batting: RHB Tom Rowe | 0-0: Ball 1-0: Ball 2-0: Foul Ball, location: 2F 2-1: Ball 3-1: Foul Ball, location: 2F 3-2: Foul Ball, location: 2F 3-2: Base on Balls Luis Ibarra to third Del Kennedy to second | Batting: LHB Fred Abrams | 0-0: Foul Ball, location: 2F 0-1: Hit by Pitch Luis Ibarra scores Del Kennedy to third Tom Rowe to second | Batting: RHB Shayne Burry | 0-0: Ball 1-0: Ball 2-0: Fly out, F9 (Flyball, 9LS) | Top of the 6th over - 4 runs, 3 hits, 1 error, 3 left on base; Calgary 8 - Redwood City 6 | BOTTOM OF THE 6TH |
---|
Redwood City Redwoods batting - Pitching for Calgary Cowboys : RHP Esteban Alfonzo | Batting: RHB Jason Blair | 0-0: Ball 1-0: Foul Ball, location: 2F 1-1: Ball 2-1: Ball 3-1: Base on Balls | Batting: RHB Robert Downing | 0-0: Called Strike 0-1: Foul Ball, location: 2F 0-2: Strikes out swinging | Batting: LHB Bill McCraney | 0-0: Ball 1-0: Ball 2-0: Fly out, F4 (Popup, 4D) | Batting: LHB Marcos Pérez | 0-0: Ball 1-0: Foul Ball, location: 2F 1-1: Ball 2-1: Foul Ball, location: 2F 2-2: Ball 3-2: Base on Balls Jason Blair to second | Batting: LHB Vicente Chávez | 0-0: Foul Ball, location: 2F 0-1: Ball 1-1: Swinging Strike 1-2: Ball 2-2: Foul Ball, location: 2F 2-2: Strikes out looking | Bottom of the 6th over - 0 runs, 0 hits, 0 errors, 2 left on base; Calgary 8 - Redwood City 6 | TOP OF THE 7TH |
---|
Calgary Cowboys batting - Pitching for Redwood City Redwoods : RHP Ronnie Jefferson | Batting: LHB Russell Peck | 0-0: Ground out 6-3 (Groundball, 6) | Batting: RHB Jorge Balencia | 0-0: Ball 1-0: Fly out, F8 (Flyball, 8LM) | Batting: RHB Mario Sánchez | 0-0: Ball 1-0: Ball 2-0: Ball 3-0: Called Strike 3-1: Base on Balls | Batting: RHB Travis Colbert | 0-0: Called Strike 0-1: Foul Ball, location: 2F 0-2: Ball 1-2: Ball 2-2: Strikes out looking | Top of the 7th over - 0 runs, 0 hits, 0 errors, 1 left on base; Calgary 8 - Redwood City 6 | BOTTOM OF THE 7TH |
---|
Redwood City Redwoods batting - Pitching for Calgary Cowboys : RHP Esteban Alfonzo | Pitching: LHP Alfredo Durán | | Batting: LHB Frank Young | 0-0: Ball 1-0: Called Strike 1-1: Ball 2-1: Fly out, F5 (Flyball, 56D) | Batting: LHB César Rodríguez | 0-0: Ball 1-0: Fly out, F2 (Popup, 2LF) | Pitching: RHP José Ramos | | Batting: RHB Gilberto León | 0-0: Called Strike 0-1: Ball 1-1: SINGLE (Groundball, 34D) | Batting: LHB Dave Lee | 0-0: Called Strike 0-1: Ball 1-1: Ball 2-1: Ground out 4-3 (Groundball, 34) | Bottom of the 7th over - 0 runs, 1 hit, 0 errors, 1 left on base; Calgary 8 - Redwood City 6 | TOP OF THE 8TH |
---|
Calgary Cowboys batting - Pitching for Redwood City Redwoods : RHP Ronnie Jefferson | Batting: RHB Luis Ibarra | 0-0: Called Strike 0-1: Ball 1-1: Ball 2-1: Ball 3-1: Base on Balls | Batting: LHB Del Kennedy | 0-0: Bunt missed! 0-1: Bunt missed! 0-2: Ball 1-2: Ball 2-2: Ball 3-2: Base on Balls Luis Ibarra to second | Batting: RHB Tom Rowe | 0-0: Ball 1-0: Called Strike 1-1: Ball 2-1: Foul Ball, location: 2F 2-2: Ball 3-2: Fly out, F2 (Popup, 2LF) | Batting: LHB Fred Abrams | 0-0: Ball 1-0: Ball 2-0: Ground out 5-3 (Groundball, 2L) Luis Ibarra to third Del Kennedy to second | Batting: RHB Shayne Burry | 0-0: Foul Ball, location: 2F 0-1: Ball 1-1: Swinging Strike 1-2: Ball 2-2: Strikes out swinging | Top of the 8th over - 0 runs, 0 hits, 0 errors, 2 left on base; Calgary 8 - Redwood City 6 | BOTTOM OF THE 8TH |
---|
Redwood City Redwoods batting - Pitching for Calgary Cowboys : RHP José Ramos | Batting: RHB Jason Blair | 0-0: Ball 1-0: Ball 2-0: Called Strike 2-1: Ball 3-1: Called Strike 3-2: Base on Balls | Batting: RHB Robert Downing | 0-0: Called Strike 0-1: Ball 1-1: Ball 2-1: Foul Ball, location: 2F 2-2: Strikes out swinging | Batting: LHB Bill McCraney | 0-0: Grounds into double play, 1-6-3 (Groundball, 13) | Bottom of the 8th over - 0 runs, 0 hits, 0 errors, 0 left on base; Calgary 8 - Redwood City 6 | TOP OF THE 9TH |
---|
Calgary Cowboys batting - Pitching for Redwood City Redwoods : RHP Ronnie Jefferson | Batting: LHB Russell Peck | 0-0: Ball 1-0: Called Strike 1-1: SINGLE (Groundball, 3D) | Batting: RHB Jorge Balencia | 0-0: Grounds into double play, 6-4-3 (Groundball, 6) | Batting: RHB Mario Sánchez | 0-0: Foul Ball, location: 2F 0-1: Foul Ball, location: 2F 0-2: Foul Ball, location: 2F 0-2: Ground out 6-3 (Groundball, 56) | Top of the 9th over - 0 runs, 1 hit, 0 errors, 0 left on base; Calgary 8 - Redwood City 6 | BOTTOM OF THE 9TH |
---|
Redwood City Redwoods batting - Pitching for Calgary Cowboys : RHP José Ramos | Batting: LHB Marcos Pérez | 0-0: Called Strike 0-1: Ball 1-1: Ball 2-1: Ground out 4-3 (Groundball, 34D) | Batting: LHB Vicente Chávez | 0-0: Swinging Strike 0-1: Ball 1-1: Fly out, F7 (Flyball, 7) | Batting: LHB Frank Young | 0-0: Ball 1-0: SOLO HOME RUN (Flyball, 7LD), Distance : 332 ft | Batting: LHB César Rodríguez | 0-0: Ball 1-0: Called Strike 1-1: Foul Ball, location: 2F 1-2: Ball 2-2: Ball 3-2: Foul Ball, location: 2F 3-2: SINGLE (Flyball, 78S) | Pinch Runner at 1st Tim Ramsey: | | Pinch Hitting: LHB Richard Olvera | 0-0: Ball 1-0: Ball 2-0: Ball 3-0: Base on Balls Tim Ramsey to second | Batting: LHB Dave Lee | 0-0: SINGLE (Groundball, 6) (infield hit) Tim Ramsey to third Richard Olvera to second | Batting: RHB Jason Blair | 0-0: Foul Ball, location: 2F 0-1: Ball 1-1: Swinging Strike 1-2: Ball 2-2: Ground out U3 (Groundball, 34S) | Bottom of the 9th over - 1 run, 3 hits, 0 errors, 3 left on base; Calgary 8 - Redwood City 7 | |